 Dungeon Crawl Stone Soup version 0.15.0-23-gc2b521c (webtiles) character file.

87728 Leibowitz the Brawler (level 15, -4/152 HPs)
             Began as a Troll Monk on Sept 7, 2014.
             Slain by a fire crab (8 damage)
             ... on Level 6 of the Lair of Beasts.
             The game lasted 04:09:12 (26219 turns).

Leibowitz the Brawler (Troll Monk)                 Turns: 26219, Time: 04:09:18

HP  -4/152       AC 13     Str 27      XL: 15   Next: 44%
MP  13/13        EV 21     Int  6      God:
Gold 2606        SH  0     Dex 15      Spells:  0 memorised, 14 levels left

rFire  . . .     SeeInvis .       - Unarmed
rCold  . . .     Clarity  .     h - +2 robe {MR+}
rNeg   . . .     rCorr    .     (shield restricted)
rPois  .         rRot     .     Z - +2 hat
rElec  .         Spirit   .     H - +2 cloak
SustAb .         Warding  .     (gloves unavailable)
rMut   .         Stasis   .     (boots unavailable)
Gourm  +         NoCast   +     (no amulet)
MR     ++...                    u - ring "Sisal" {-Cast EV+1 Str+2}
                                y - +2 ring of evasion

@: very resistant to hostile enchantments, unstealthy
A: unfitting armour, claws 3, hooves 1, molten scales 1, blurry vision 1, fast
metabolism 3, gourmand, sense surroundings 1, regeneration 2, saprovore 2,
shaggy fur 1, tough skin 2
a: no special abilities


You were on level 6 of the Lair of Beasts.
You were very full.

You visited 5 branches of the dungeon, and saw 27 of its levels.
You also visited: Labyrinth, Ossuary and Volcano.

You collected 2862 gold pieces.
You spent 256 gold pieces at shops.

Inventory:

Hand weapons
 b - the +7 blowgun of the Present {evade, +Blink rF++}
   (You found it on level 11 of the Dungeon)

   It affects your evasion (+5 to EV).
   It greatly protects you from fire.
   It lets you blink.
Missiles
 z - 4 javelins (quivered)
 F - 11 curare-tipped needles
Armour
 h - a +2 robe of magic resistance (worn)
 w - a +2 robe of cold resistance
 D - a +2 robe of fire resistance
 H - a +2 cloak (worn)
 Z - a +2 hat (worn)
Magical devices
 e - a wand of fire (5)
 q - a wand of paralysis (11)
 s - a wand of fire (10)
 I - a wand of invisibility (3)
 P - a wand of frost (13)
 V - a wand of invisibility (7)
 X - a wand of disintegration (6)
Comestibles
 a - 11 meat rations
 g - 6 beef jerkies
 o - 13 fruits
 r - 11 bread rations
 W - a slice of pizza
Scrolls
 c - a scroll of magic mapping
 f - 8 scrolls of fog
 l - a scroll of recharging
 m - 6 scrolls of identify
 x - 6 scrolls of remove curse
 O - 2 scrolls of teleportation
 U - a scroll of fear
Jewellery
 i - an uncursed ring of protection from magic
 p - an uncursed ring of teleport control
 u - the ring "Sisal" (right claw) {-Cast EV+1 Str+2}
   (You bought it in a shop on level 8 of the Dungeon)

   [ring of evasion]

   It affects your evasion (+1).
   It affects your strength (+2).
   It prevents spellcasting.
 y - a +2 ring of evasion (left claw)
 C - an uncursed ring of sustain abilities
 J - an uncursed ring of teleportation
 K - an uncursed ring of protection from magic
 L - an uncursed ring of positive energy
 T - an uncursed ring of protection from fire
 Y - an uncursed ring of positive energy
Potions
 j - 3 potions of restore abilities
 k - 12 potions of curing
 n - 4 potions of heal wounds
 t - 2 potions of agility
 E - 2 potions of berserk rage
 S - a potion of haste
Rods
 d - a +3 rod of the swarm (13/13)
   (You took it off a minotaur in a labyrinth)
 N - a -1 lightning rod (14/14)
   (You found it in a labyrinth)


   Skills:
 + Level 10.7 Fighting
 + Level 0.6 Maces & Flails
 + Level 2.0 Throwing
 + Level 14.0 Dodging
 + Level 5.2 Stealth
 + Level 15.2 Unarmed Combat
 + Level 3.0 Evocations


You had 14 spell levels left.
You didn't know any spells.

Dungeon Overview and Level Annotations

Branches:
Dungeon (15/15)            Temple (0/1) D:7             Orc (4/4) D:10
    Elf (1/3) Orc:3          Lair (6/8) D:11         Shoals (0/5) Lair:4
  Snake (0/5) Lair:3       Depths (1/5) D:15
  Slime: Lair:6-8    Vaults: D:13-14

Altars:
Ashenzari
Dithmenos
Elyvilon
Makhleb
Nemelex Xobeh
Okawaru
Qazlal
Trog
Vehumet
Yredelemnul
The Shining One
Beogh

Shops:
D:8 =   D:10 (   D:13 (!??   Orc:4 [*:(=

Annotations:
D:13 aves' ghost, powerful GrSk
D:15 exclusions: ice statue and orange crystal statue
Lair:6 exclusion: oklob plant


Innate Abilities, Weirdness & Mutations

You are too large for most types of armour.
You have claws for hands.
Your metabolism is lightning-fast.
You like to eat raw meat.
You heal very quickly.
You can eat rotten meat.
You are covered in fur (AC +1).
You have very tough skin (AC +2).
You have large cloven feet.
You are partially covered in molten scales (AC +1).
Your vision is a little blurry.
You passively map a small area around you.


Message History

The fire crab is moderately wounded.
You are engulfed in roaring flames.
You scratch the fire crab. Your kick misses the fire crab.
The fire crab is heavily wounded.
You are engulfed in roaring flames.
The fire crab barely misses you. The fire crab claws you.
You are engulfed in flames!
You barely miss the fire crab.
The fire crab is heavily wounded.
You are engulfed in roaring flames.
The fire crab breathes flames at you. The blast of flame engulfs you!
* * * LOW HITPOINT WARNING * * *
You mangle the fire crab!! You kick the fire crab.
The fire crab is almost dead.
You are engulfed in roaring flames.
* * * LOW HITPOINT WARNING * * *
The fire crab completely misses you. The fire crab claws you.
* * * LOW HITPOINT WARNING * * *
You are engulfed in flames!
You die...

.......................
*...........#...#........
*
.......%....####........
......#...### ##........
, ###.....#..#.#####.....
####....?..#.# #.......
#.P....#..%..##.P..#....
##..P..§.................
#P.....t@§§..#...........
#PP....§§§§..............
P......§................
........................
#..................>....
.............# ......
......=....# , ..........
, , .... , ,


You could see a fire crab.

Vanquished Creatures
  An orc warlord (Orc:4)
  A deep elf annihilator (Elf:1)
  A yaktaur captain (Depths:1)
  A minotaur (Lab)
  Fannar (D:11)
  Harold (Orc:2)
  A tengu warrior (D:15)
  6 death yaks
  3 orc high priests
  The ghost of letownia the Blasphemer, an experienced FoAs of Zin (D:8)
  Urug (Orc:4)
  Nergalle (D:10)
  3 deep elf knights (Elf:1)
  Erolcha (D:11)
  A wizard (D:14)
  A giant orange brain (D:15)
  3 deep elf summoners
  Pikel (D:6)
  7 hill giants
  An unseen horror (D:15)
  6 orc knights
  3 deep elf conjurers (Elf:1)
  2 griffons
  2 cyclopes (D:15)
  9 ugly things
  4 orc sorcerers (Orc:4)
  Maurice (D:12)
  A spiny frog (shapeshifter) (D:15)
  A black mamba (Lair:1)
  3 molten gargoyles (Volcano)
  4 spiny frogs
  An item mimic (Lair:1)
  A gargoyle (Volcano)
  3 komodo dragons
  A fire drake (Lair:6)
  5 yaktaurs
  4 trolls
  Grinder (D:3)
  A two-headed ogre (D:9)
  2 deep elf priests (Elf:1)
  A tengu conjurer (D:15)
  Sonja (D:13)
  Prince Ribbit (D:6)
  20 blink frogs
  A polar bear (shapeshifter) (D:14)
  2 ravens (D:15)
  3 slime creatures (D:15)
  2 basilisks (Lair:2)
  2 spriggans
  A trapdoor spider (D:11)
  4 fire elementals (Volcano)
  A wyvern (D:13)
  A redback (Elf:1)
  7 wolves
  The ghost of elenap21 the Grave Robber, an average VSNe (D:5)
  28 yaks
  4 deep elf fighters
  Grum (Orc:4)
  4 deep elf magi
  13 hippogriffs
  A steam dragon (shapeshifter) (D:15)
  2 vampire mosquitoes (D:12)
  2 wargs
  4 porcupines
  A yellow wasp (D:7)
  2 soldier ants (D:10)
  Crazy Yiuf (D:6)
  34 orc warriors
  A black bear (shapeshifter) (D:15)
  A mottled dragon (D:14)
  3 ice beasts
  9 water moccasins
  A slave (D:6)
  A necrophage (D:12)
  5 black bears
  3 sky beasts (D:5)
  7 centaurs
  12 ogres
  5 phantoms
  7 crocodiles
  Duvessa (D:6)
  2 manticore skeletons
  20 giant frogs
  Blork the orc (D:4)
  A yaktaur zombie (D:12)
  A big kobold (D:12)
  4 scorpions
  21 killer bees
  A troll zombie (Orc:4)
  4 wights (D:15)
  Dowan (D:6)
  2 crimson imps
  3 centaur zombies
  26 orc priests
  3 goliath beetles
  3 human zombies (Ossuary)
  11 hounds
  4 jellies
  6 worker ants
  25 orc wizards
  Natasha (twice) (D:6)
  2 orange rats (Elf:1)
  6 iguanas
  7 sheep
  An ogre skeleton (D:9)
  5 mummies (Ossuary)
  A hound skeleton (D:6)
  10 gnolls
  A scorpion zombie (D:7)
  20 green rats
  18 adders
  3 orc skeletons
  A shadow imp (D:8)
  A giant mite (D:4)
  2 worms (D:2)
  4 giant geckos
  4 oozes
  173 orcs
  A bat zombie (D:7)
  2 gnoll zombies (Ossuary)
  19 goblins
  14 hobgoblins
  12 jackals
  10 quokkas
  17 bats
  6 giant cockroaches
  5 giant newts
  3 giant spores
  18 kobolds
  10 orc zombies
  A quokka skeleton (D:5)
  27 rats
  A spectral orc (D:10)
  5 ballistomycetes
  2 fungi
846 creatures vanquished.

Vanquished Creatures (others)
  2 fire vortices (Volcano)
  A deep elf mage (Elf:1)
  A slave (D:6)
  A giant spore (D:7)
  2 fungi
7 creatures vanquished.

Grand Total: 853 creatures vanquished

Notes
Turn   | Place    | Note
--------------------------------------------------------------
     0 | D:1      | Leibowitz, the Troll Monk, began the quest for the Orb.
     0 | D:1      | Reached XP level 1. HP: 22/22 MP: 1/1
   178 | D:1      | Reached XP level 2. HP: 21/29 MP: 1/1
   752 | D:1      | Reached XP level 3. HP: 34/36 MP: 2/2
  1016 | D:2      | Found a basalt altar of Yredelemnul.
  1308 | D:2      | Reached XP level 4. HP: 40/44 MP: 2/2
  1537 | D:2      | Found a sparkling altar of Nemelex Xobeh.
  1906 | D:3      | Noticed Grinder
  1908 | D:3      | Paralysed by Grinder for 6 turns
  1922 | D:3      | Paralysed by Grinder for 4 turns
  1930 | D:3      | Killed Grinder
  1930 | D:3      | Reached skill level 5 in Unarmed Combat
  1930 | D:3      | Reached XP level 5. HP: 22/53 MP: 2/2
  1930 | D:3      | Reached XP level 6. HP: 25/61 MP: 3/3
  2421 | D:4      | Reached XP level 7. HP: 7/68 MP: 3/3
  2669 | D:4      | Reached skill level 6 in Unarmed Combat
  3065 | D:4      | Found a burning altar of Makhleb.
  3132 | D:4      | Noticed Blork the orc
  3135 | D:4      | Killed Blork the orc
  3520 | D:5      | Entered Level 5 of the Dungeon
  3599 | D:5      | Reached skill level 5 in Dodging
  3628 | D:5      | Reached XP level 8. HP: 72/78 MP: 3/3
  3741 | D:5      | Found a sand-covered staircase.
  3746 | Ossuary  | Entered an ossuary
  3806 | Ossuary  | Reached skill level 7 in Unarmed Combat
  4260 | D:5      | Found a glowing golden altar of the Shining One.
  4631 | D:5      | Gained mutation: Your vision is a little blurry. [potion of mutation]
  4631 | D:5      | Gained mutation: You have large cloven feet. [potion of mutation]
  4631 | D:5      | Gained mutation: You are partially covered in molten scales (AC +1). [potion of mutation]
  4790 | D:5      | Noticed elenap21's ghost (average VSNe)
  4803 | D:5      | Killed elenap21's ghost
  4808 | D:5      | Reached skill level 5 in Fighting
  4808 | D:5      | Reached skill level 8 in Unarmed Combat
  4967 | D:6      | Noticed Pikel
  4987 | D:6      | Killed Pikel
  4987 | D:6      | Reached XP level 9. HP: 68/88 MP: 4/4
  5277 | D:6      | Noticed Prince Ribbit
  5288 | D:6      | Killed Prince Ribbit
  5288 | D:6      | Reached skill level 9 in Unarmed Combat
  5426 | D:6      | Noticed Duvessa
  5428 | D:6      | Noticed Dowan
  5437 | D:6      | Killed Duvessa
  5438 | D:6      | Killed Dowan
  5761 | D:6      | Noticed Natasha
  5768 | D:6      | Killed Natasha
  5895 | D:6      | Reached skill level 1 in Evocations
  5980 | D:6      | Noticed Natasha
  6000 | D:6      | Killed Natasha
  6210 | D:6      | Noticed Crazy Yiuf
  6222 | D:6      | Killed Crazy Yiuf
  6410 | D:7      | Paralysed by a yellow wasp for 1 turns
  6477 | D:7      | Found an iron altar of Okawaru.
  6564 | D:7      | Gained mutation: You passively map a small area around you. [potion of beneficial mutation]
  6902 | D:7      | Reached XP level 10. HP: 85/98 MP: 5/5
  7019 | D:7      | Found a staircase to the Ecumenical Temple.
  7182 | D:8      | Noticed letownia's ghost (experienced FoAs)
  7189 | D:8      | Killed letownia's ghost
  7189 | D:8      | Reached skill level 10 in Unarmed Combat
  7192 | D:8      | Found Neaheuj's Jewellery Boutique.
  7197 | D:8      | Bought the ring "Sisal" {-Cast EV+1 Str+2} for 100 gold pieces
  7366 | D:8      | Found a shadowy altar of Dithmenos.
  7385 | D:8      | Found a bloodstained altar of Trog.
  8405 | D:9      | Found a shattered altar of Ashenzari.
  8477 | D:9      | Found a white marble altar of Elyvilon.
  8543 | D:9      | Noticed a hill giant
  8557 | D:9      | Killed a hill giant
  8594 | D:9      | Found a stormy altar of Qazlal.
  8982 | D:10     | Entered Level 10 of the Dungeon
  9131 | D:10     | Noticed Nergalle
  9271 | D:10     | Found a roughly hewn altar of Beogh.
  9363 | D:10     | Found a staircase to the Orcish Mines.
  9491 | D:10     | Found Axzid's Weapon Emporium.
  9667 | D:10     | Noticed a spectral orc warlord
  9884 | D:10     | Killed Nergalle
  9884 | D:10     | Reached XP level 11. HP: 52/107 MP: 6/6
 10146 | Orc:1    | Entered Level 1 of the Orcish Mines
 10225 | Orc:2    | Noticed an orc high priest
 10227 | Orc:2    | Noticed a sun demon
 10266 | D:11     | Noticed a hill giant
 10270 | D:11     | Noticed Fannar
 10277 | D:11     | Killed Fannar
 10300 | D:11     | Killed a hill giant
 10474 | D:11     | Got a pitted blowgun
 10475 | D:11     | Identified the +7 blowgun of the Present {evade, +Blink rF++} (You found it on level 11 of the Dungeon)
 10497 | D:11     | Reached skill level 11 in Unarmed Combat
 10740 | D:11     | Found a staircase to the Lair.
 10914 | D:11     | Noticed Erolcha
 10918 | D:11     | Paralysed by Erolcha for 6 turns
 10926 | D:11     | Killed Erolcha
 10926 | D:11     | Reached skill level 10 in Dodging
 11731 | D:12     | Reached skill level 1 in Throwing
 11785 | D:12     | Noticed a hill giant
 11790 | D:12     | Killed a hill giant
 12117 | D:12     | Noticed Maurice
 12129 | D:12     | Killed Maurice
 12129 | D:12     | Reached skill level 12 in Unarmed Combat
 12317 | D:12     | Reached XP level 12. HP: 117/119 MP: 7/7
 12539 | D:13     | Found Laxadgh's Antique Weapon Shop.
 12549 | D:13     | Noticed aves' ghost (powerful GrSk)
 12643 | Lair:1   | Entered Level 1 of the Lair of Beasts
 14071 | Lair:2   | Found a labyrinth entrance.
 14096 | Lab      | Entered a labyrinth
 14326 | Lab      | Noticed a minotaur
 14339 | Lab      | Killed a minotaur
 14369 | Lab      | Got a warped spear
 14377 | Lair:2   | Identified a cursed +3 rod of the swarm (6/13) (You took it off a minotaur in a labyrinth)
 14380 | Lair:2   | Identified a +1 rod of striking (11/11) (You found it in a labyrinth)
 15491 | Lair:3   | Found a staircase to the Snake Pit.
 15813 | Lair:3   | Found a dark tunnel.
 15822 | Volcano  | Entered a volcano
 16024 | Volcano  | Reached skill level 13 in Unarmed Combat
 16024 | Volcano  | Reached XP level 13. HP: 130/130 MP: 8/11
 16271 | Lair:3   | Noticed a six-headed hydra
 16674 | Lair:3   | Reached XP level 14. HP: 140/140 MP: 11/11
 16849 | Orc:1    | Killed an orc high priest
 16983 | Orc:2    | Found a bloodstained altar of Trog.
 17489 | Orc:1    | Found a burning altar of Makhleb.
 17913 | Orc:3    | Found a staircase to the Elven Halls.
 18238 | Orc:3    | Found a radiant altar of Vehumet.
 18709 | Orc:2    | Noticed Harold
 18723 | Orc:2    | Killed Harold
 18804 | Orc:4    | Entered Level 4 of the Orcish Mines
 18804 | Orc:4    | Found Stroco Saez's Jewellery Shoppe.
 18819 | Orc:4    | Noticed Urug
 18841 | Orc:4    | Killed Urug
 19133 | Orc:4    | Noticed an orc warlord
 19149 | Orc:4    | Noticed Grum
 19164 | Orc:4    | Killed Grum
 19205 | Orc:4    | Found Bluole's Antique Weapon Shoppe.
 19232 | Orc:4    | Killed an orc warlord
 19570 | Orc:4    | Found Osissaiteoh's Antique Armour Shop.
 19702 | Orc:4    | Reached skill level 14 in Unarmed Combat
 19853 | Orc:4    | Found Kemevexa's General Store.
 20083 | Orc:4    | Bought 2 potions of heal wounds for 60 gold pieces
 20091 | Orc:4    | Found Guuquoto's Book Emporium.
 20491 | Elf:1    | Entered Level 1 of the Elven Halls
 20811 | Elf:1    | Reached skill level 10 in Fighting
 21215 | D:11     | Noticed a hill giant
 21218 | D:11     | Killed a hill giant
 21583 | D:13     | Got a jewelled hand axe
 21584 | D:13     | Identified the cursed -2 hand axe "Cinirr" {freeze, rF+} (You found it on level 13 of the Dungeon)
 21597 | D:13     | Found Saesyh's Distillery.
 21651 | D:13     | Noticed Sonja
 21664 | D:13     | Killed Sonja
 21809 | D:13     | Found Bolaug's Magic Scroll Shoppe.
 21817 | D:13     | Bought a scroll of teleportation for 48 gold pieces
 21824 | D:13     | Found Suti's Magic Scroll Emporium.
 21829 | D:13     | Bought a scroll of teleportation for 48 gold pieces
 23015 | D:14     | Reached skill level 5 in Stealth
 23086 | D:15     | Entered Level 15 of the Dungeon
 23551 | D:15     | Reached XP level 15. HP: 129/149 MP: 13/13
 24121 | D:15     | Found a staircase to the Depths.
 24129 | Depths:1 | Entered Level 1 of the Depths
 24143 | Depths:1 | Reached skill level 15 in Unarmed Combat
 24403 | D:13     | Found a glowing golden altar of the Shining One.
 25351 | Lair:4   | Found a staircase to the Shoals.
 25698 | Lair:5   | Upgraded the game from 0.15.0-18-g9076a4f to 0.15.0-23-gc2b521c
 26219 | Lair:6   | HP: 4/152 [fire crab] (20)]
 26219 | Lair:6   | Slain by a fire crab

Action                   |  1- 3 |  4- 6 |  7- 9 | 10-12 | 13-15 || total
-------------------------+-------+-------+-------+-------+-------++-------
Melee: Unarmed           |   113 |    93 |   394 |   817 |  1081 ||  2498
       Rod               |       |       |       |    10 |       ||    10
 Fire: Blowgun           |       |       |       |       |     6 ||     6
Throw: Javelin           |       |       |       |    12 |    12 ||    24
Evoke: Wand              |       |       |     4 |    13 |     4 ||    21
       Rod               |       |       |       |     1 |       ||     1
  Use: Potion            |       |       |    14 |     9 |     5 ||    28
       Scroll            |       |       |    11 |     9 |    11 ||    31
 Stab: Sleeping          |       |     1 |     2 |     6 |     8 ||    17
       Invisible         |       |       |       |     4 |       ||     4
       Distracted        |       |       |       |       |     2 ||     2
  Eat: Chunk             |    15 |    11 |    42 |    77 |    96 ||   241
       Pizza             |       |       |       |       |     2 ||     2
